 Dungeon Crawl Stone Soup version 0.17-a0-2093-gc772f4b (webtiles) character file.

30 ololoev the Firebug (level 3, 16/24 HPs)
             Began as a Demonspawn Fire Elementalist on Oct 16, 2015.
             Quit the game on level 2 of the Dungeon.
             The game lasted 00:01:39 (1251 turns).

ololoev the Firebug (Demonspawn Fire Elementalist)  Turns: 1251, Time: 00:01:39

Health: 16/24      AC:  2    Str:  8    XL:     3   Next: 3%
Magic:  6/6        EV: 12    Int: 17    God:
Gold:   64         SH:  0    Dex: 13    Spells: 1 memorised, 5 levels left

rFire  . . .     SeeInvis .     e - +0 short sword (curse)
rCold  . . .     Clarity  .     a - +0 robe
rNeg   . . .     SustAt   .     (no shield)
rPois  .         Gourm    .     (helmet restricted)
rElec  .         Spirit   .     (no cloak)
rCorr  .         Warding  .     (no gloves)
rMut   .         Stasis   .     (no boots)
MR     .....                    (no amulet)
Stlth  ++........               (no ring)
                                (no ring)

@: not resistant to hostile enchantments, unstealthy
A: antennae 1, spiny 1
a: no special abilities


Innate Abilities, Weirdness & Mutations

You have a pair of small antennae on your head.
You are partially covered in sharp spines.

Inventory:

Hand Weapons
 e - a cursed +0 short sword (weapon)
 j - a +0 whip of electrocution
Armour
 a - a +0 robe (worn)
Scrolls
 d - 3 scrolls of identify {unknown}
 g - a scroll of recharging {unknown}
Potions
 h - 3 potions of heal wounds {unknown}
 i - 2 potions of curing {unknown}
Books
 b - a book of Flames

   Spells                             Type                      Level
   a - Flame Tongue                   Conjuration/Fire             1
   b - Throw Flame                    Conjuration/Fire             2
   c - Conjure Flame                  Conjuration/Fire             3
   d - Inner Flame                    Hexes/Fire                   3
   e - Sticky Flame                   Conjuration/Fire             4
   f - Fireball                       Conjuration/Fire             5
Comestibles
 c - 2 bread rations
 f - 2 slices of pizza


   Skills:
 - Level 1.7 Dodging
 - Level 1.7 Stealth
 + Level 2.3 Spellcasting
 * Level 2.2 Conjurations
 + Level 3.0 Fire Magic


You had 5 spell levels left.
You knew the following spells:

 Your Spells              Type           Power        Failure   Level  Hunger
a - Flame Tongue          Conj/Fire      ##...        10%         1    #......


You were on level 2 of the Dungeon.
You were not hungry.

You visited 1 branch of the dungeon, and saw 2 of its levels.

You collected 64 gold pieces.

#......# !..
#..(...###+#.###
####....).##...>..#
#..(.......'......#
#.##......##......###
#.##.............$..####
#.#######..............#
#.# #....%.........# #.#
#.......@K.....# #.#
#.....^..g.....# #.#
#########......#
#'###### ......#
.......# .....(#
.......# ......#
....)..# ......#
.......# #######
.......#

Notes
Turn   | Place    | Note
--------------------------------------------------------------
     0 | D:1      | ololoev the Demonspawn Fire Elementalist began the quest for the Orb.
     0 | D:1      | Reached XP level 1. HP: 13/13 MP: 3/3
   462 | D:1      | Gained mutation: You are partially covered in sharp spines. [demonic ancestry]
   462 | D:1      | Reached XP level 2. HP: 19/19 MP: 3/5
  1232 | D:2      | Reached skill level 3 in Fire Magic
  1250 | D:2      | Gained mutation: You have a pair of small antennae on your head. [demonic ancestry]
  1250 | D:2      | Reached XP level 3. HP: 18/24 MP: 6/6
  1251 | D:2      | Quit the game

Dungeon Overview and Level Annotations

Branches:
Dungeon (2/15)

Altars:


Message History

No target in view!
No target in view!
No target in view!
No target in view!
No target in view!
No target in view!
No target in view!
Things that are here:
a dagger; a goblin corpse A rat comes into view.
A rat is nearby!
Things that are here:
a dagger; a goblin corpse
Found a stone staircase leading down.
You hit the rat.
You kill the rat!
Found 12 gold pieces.
Found a smoky grey potion.
A kobold comes into view. It is wielding a dagger.
You found a teleport trap!
You see here a runed whip.
j - a runed whip The kobold shouts!
A giant gecko comes into view.
There are monsters nearby!
There are monsters nearby!
There are monsters nearby!
A hobgoblin comes into view. It is wielding a club.
The hobgoblin shouts!
Found 8 needles of sleeping.
You closely miss the giant gecko.
The giant gecko is struck by your spines.
You kill the giant gecko!
You have reached level 3!
Your experience leads to an increase in your attributes!
Increase (S)trength, (I)ntelligence, or (D)exterity?
You feel clever.
Your demonic ancestry asserts itself...
A pair of antennae grows on your head! The kobold is struck by your spines.
The kobold hits you with a dagger.
Are you sure you want to abandon this character and quit the game? (Confirm with "yes".)

You could see a hobgoblin and a kobold.

Vanquished Creatures
  2 giant geckos
  6 bats
  2 giant cockroaches (D:1)
  2 goblins
  2 hobgoblins (D:1)
  5 kobolds
  2 giant newts (D:1)
  5 rats
26 creatures vanquished.

Action                   || total
-------------------------++-------
Melee: Unarmed           ||     6
       Short sword       ||    27
 Cast: Flame Tongue      ||     7
 Stab: Sleeping          ||     1
  Eat: Chunk             ||     1

Vault maps used:
D:1:      lightli_arrival_maybe_door_vault
